 Dungeon Crawl Stone Soup version 0.20.1-1-g8b1a95d (console) character file.

708 Kloppie the Basher (level 7, -3/58 HPs)
             Began as a Minotaur Gladiator on July 12, 2017.
             Was a Follower of Okawaru.
             Slain by a troll (4 damage)
             ... on level 5 of the Dungeon.
             The game lasted 00:04:33 (3350 turns).

Kloppie the Basher (Minotaur Gladiator)             Turns: 3350, Time: 00:04:33

Health: -3/58      AC: 11    Str: 21    XL:     7   Next: 40%
Magic:  6/6        EV:  9    Int:  5    God:    Okawaru [*.....]
Gold:   378        SH:  0    Dex: 11    Spells: 6/6 levels left

rFire    . . .     SeeInvis .   a - +1 flail (venom)
rCold    . . .     Gourm    .   (no shield)
rNeg     . . .     Faith    .   g - +0 chain mail
rPois    .         Spirit   .   c - +0 hat
rElec    .         Reflect  .   (no cloak)
rCorr    .         Harm     .   (no gloves)
MR       .....                  t - +0 pair of boots
Stlth    ..........             (no amulet)
Regen    0.2/turn               s - ring of stealth
MPRegen  0.1/turn               (no ring)

@: no status effects
A: retaliatory headbutt, horns 2
a: Heroism, Renounce Religion


You were on level 5 of the Dungeon.
You worshipped Okawaru.
Okawaru was aware of your devotion.
You were not hungry.

You visited 2 branches of the dungeon, and saw 6 of its levels.

You collected 378 gold pieces.

Inventory:

Hand Weapons
 a - a +1 flail of venom (weapon)
 b - a +0 hunting sling
 y - a +0 flail
Missiles
 d - a throwing net (quivered)
Armour
 c - a +0 hat (worn)
 g - a +0 chain mail (worn)
 t - a +0 pair of boots (worn)
Jewellery
 s - a ring of stealth (left hand)
 A - an uncursed ring of protection from magic {unknown}
Wands
 C - a wand of iceblast (9/15)
 D - a wand of polymorph (7/24)
Scrolls
 e - 2 scrolls of random uselessness {unknown}
 i - 3 scrolls of immolation {unknown}
 j - a scroll of amnesia {unknown}
 m - 8 scrolls of identify {unknown}
 n - a scroll of magic mapping {unknown}
 p - 3 scrolls of teleportation {unknown}
 q - 2 scrolls of fog {unknown}
 u - 3 scrolls of remove curse {unknown}
 v - a scroll of blinking {unknown}
 G - a scroll of fear {unknown}
Potions
 k - 2 potions of cancellation {unknown}
 l - a potion of haste {unknown}
 r - 2 potions of heal wounds {unknown}
 w - 2 potions of degeneration {unknown}
 B - a potion of curing {unknown}
 E - a potion of flight {unknown}
 F - a potion of lignification {unknown}
Books
 x - a book of Minor Magic

   Spells                             Type                      Level
   a - Magic Dart                     Conjuration                  1
   b - Blink                          Translocation                2
   c - Call Imp                       Summoning                    2
   d - Slow                           Hexes                        2
   e - Conjure Flame                  Conjuration/Fire             3
   f - Mephitic Cloud                 Conjuration/Poison/Air       3
Comestibles
 f - 4 bread rations
 h - 2 royal jellies
 o - 2 meat rations
 z - a chunk of flesh


   Skills:
 - Level 3.9 Fighting
 + Level 8.0 Maces & Flails
 - Level 2.0 Throwing
 - Level 5.7 Armour
 - Level 3.2 Dodging


You had 6 spell levels left.
You didn't know any spells.

Dungeon Overview and Level Annotations

Branches:
Dungeon (5/15)             Temple (1/1) D:4

Altars:
Ashenzari
Elyvilon
Fedhas
Gozag
Hepliaklqana
Kikubaaqudgha
Makhleb
Nemelex Xobeh
Okawaru
Qazlal
Ru
Sif Muna
Trog
Uskayaw
Vehumet
Xom
Yredelemnul
Zin


Innate Abilities, Weirdness & Mutations

You reflexively headbutt those who attack you in melee.
You have a pair of horns on your head.


Message History

* * * LOW HITPOINT WARNING * * *
The troll claws you.
* * * LOW HITPOINT WARNING * * *
The troll completely misses you.
You are too injured to fight recklessly!
You are too injured to fight recklessly!
You are too injured to fight recklessly!
You hit the troll but do no damage.
The troll looks as sick as possible!
The troll is lightly wounded.
The troll bites you!
* * * LOW HITPOINT WARNING * * *
The troll claws you but does no damage. The troll claws you!
* * * LOW HITPOINT WARNING * * *
You closely miss the troll.
You headbutt the troll, but do no damage.
The troll is moderately wounded.
The troll bites you.
* * * LOW HITPOINT WARNING * * *
The troll claws you but does no damage. The troll claws you.
You die...

#.#....o....#
.............
#....>....#
#........._..
#....######
########.....
####..###
####.....
##...#
#....####
###.###
##.#### #.oo#
#..# ###T#
##.## #@##
#..# #..##
#.##
##..####.#
##.#....#
#.......#
#.......#
#.......#
#########


You could see a troll and 2 orcs.

Vanquished Creatures
  A hungry ghost (D:4)
  An ice beast (D:4)
  An ogre (D:4)
  A bullfrog (D:4)
  A scorpion (D:4)
  2 orc wizards
  2 worker ants (D:5)
  A hound zombie (D:5)
  4 adders
  4 gnolls (D:3)
  A shadow imp (D:5)
  An ooze (D:1)
  An adder skeleton (D:5)
  2 worms
  2 dart slugs (D:1)
  2 leopard geckos (D:1)
  7 orcs
  A giant cockroach (D:5)
  14 goblins
  11 hobgoblins
  7 jackals
  A quokka (D:1)
  2 bats
  5 frilled lizards
  5 kobolds
  A leopard gecko skeleton (D:3)
  9 rats
90 creatures vanquished.

Notes
Turn   | Place    | Note
-------+----------+-------------------------------------------
     0 | D:1      | Kloppie the Minotaur Gladiator began the quest for the Orb.
     0 | D:1      | Reached XP level 1. HP: 18/18 MP: 0/0
   119 | D:1      | Reached skill level 4 in Maces & Flails
   119 | D:1      | Reached XP level 2. HP: 19/25 MP: 1/1
   744 | D:1      | Reached XP level 3. HP: 31/31 MP: 2/2
  1335 | D:2      | Reached skill level 1 in Armour
  1341 | D:2      | Reached XP level 4. HP: 38/40 MP: 3/3
  1618 | D:2      | Found a faded altar of an unknown god.
  1879 | D:3      | Reached skill level 5 in Maces & Flails
  2020 | D:3      | Reached XP level 5. HP: 29/46 MP: 4/4
  2388 | D:4      | Reached skill level 6 in Maces & Flails
  2523 | D:4      | Found a staircase to the Ecumenical Temple.
  2594 | D:4      | Reached XP level 6. HP: 48/52 MP: 5/5
  2934 | Temple   | Entered the Ecumenical Temple
  3139 | Temple   | Became a worshipper of Warmaster Okawaru
  3181 | D:5      | Entered Level 5 of the Dungeon
  3181 | D:5      | Noticed an ice beast
  3181 | D:5      | Noticed a hungry ghost
  3189 | D:4      | Killed an ice beast
  3189 | D:4      | Reached skill level 7 in Maces & Flails
  3189 | D:4      | Reached skill level 5 in Armour
  3210 | D:4      | Killed a hungry ghost
  3210 | D:4      | Reached XP level 7. HP: 55/58 MP: 6/6
  3216 | D:5      | Reached * piety under Okawaru
  3265 | D:5      | Found a deep blue altar of Sif Muna.
  3315 | D:5      | Noticed a troll
  3342 | D:5      | Reached skill level 8 in Maces & Flails
  3350 | D:5      | HP: 1/58 [troll (4)]
  3350 | D:5      | Slain by a troll

Skill      XL: |  1  2  3  4  5  6  7 |
---------------+----------------------+-----
Maces & Flails | 4 5 6 7 8 |  8.0
Fighting       | 3 |  3.9
Armour         | 1 2 4 5 |  5.7
Throwing       | |  2.0
Dodging        | |  3.2

Action                   |  1- 3 |  4- 6 |  7- 9 || total
-------------------------+-------+-------+-------++-------
Melee: Flail             |    93 |   111 |    33 ||   237
       Headbutt          |    13 |    16 |     4 ||    33
Throw: Throwing net      |       |       |     2 ||     2
  Eat: Chunk             |     1 |     6 |       ||     7
       Meat ration       |       |     1 |     1 ||     2
Armor: Chain mail        |    41 |    62 |    17 ||   120
Dodge: Dodged            |    42 |    49 |    10 ||   101
